Workbook
Name 車: [1]車両別集計!$B$4:$B$112
Name 設備: [2]データ参照シート!$B$2
Name 大分類: #REF!
Name 大分類: #REF!
Name 大分類: #REF!
Name 大分類: #REF!
Name 大分類: #REF!
Name 大分類: #REF!
Name 大分類: #REF!
Name 大分類: #REF!
Name 大分類: #REF!
Name 大分類: #REF!
Name 別1その2: [3]対策!$K$2:$K$9

Sheet 5号
C1: ="第"&[5]様式一覧!A8&"号様式（第"&[5]様式一覧!D8&"条関係）" -> 第5号様式（第15条関係）
X3: 年 | Z3: 月 | AB3: 日
C4: 公益財団法人
C5: 東京都環境公社 理事長 殿
Q7: （助成事業者）
Q8: 住所
Q10: 名称
Q12: 代表者の 職・氏名
Q15: （共同申請者）
Q16: 住所
Q18: 名称
Q20: 代表者の 職・氏名
Q23: （共同申請者）
Q24: 住所
Q26: 名称
Q28: 代表者の 職・氏名
... Q36: 代表者の 職・氏名
C40: =[5]事業名など!B2 -> 需給最適化に向けたエネルギーマネジメント推進事業
C44: 助成金交付申請撤回届出書
E47: 年 | G47: 月 | I47: 日付 | L47: 都環公地温第 | R47: 号をもって交付決定した事業について、需給最
C48: 適化に向けたエネルギーマネジメント推進事業助成金交付要綱（令和７年４月23日付７都環公地温第733号）第15条第1項の規定に基づき、助成金交付申請の撤回について届け出ます。
D53: 交付決定番号
D55: 撤回の理由
D61: 窓口担当者 連絡先 | J61: 住所 | N61: (〒 | Q61: - | T61: )
J63: 会社名
J65: 部署名
J67: 氏名
J69: 電話番号 | T69: 携帯
J71: Eメール

Sheet 6号
C1: ="第"&[5]様式一覧!A9&"号様式（第"&[5]様式一覧!D9&"条関係）" -> 第6号様式（第17条関係）
X3: 年 | Z3: 月 | AB3: 日
C4: 公益財団法人
C5: 東京都環境公社 理事長 殿
Q7: （助成事業者）
Q8: 住所
Q10: 名称
Q12: 代表者の 職・氏名
Q15: （共同申請者）
Q16: 住所
Q18: 名称
Q20: 代表者の 職・氏名
Q23: （共同申請者）
Q24: 住所
Q26: 名称
Q28: 代表者の 職・氏名
... Q36: 代表者の 職・氏名
C40: =[5]事業名など!B2 -> 需給最適化に向けたエネルギーマネジメント推進事業
C44: 助成事業承継承認申請書
E47: 年 | G47: 月 | I47: 日付 | L47: 都環公地温第 | R47: 号をもって交付決定した事業について、助成事
C48: 業者の地位を承継し、当該助成事業を継続して実施したいので、需給最適化に向けたエネルギーマネジメント推進事業助成金交付要綱（令和７年４月23日付７都環公地温第733号）第17条第１項の規定に基づき、助成事業承継の承認について申請します。
D53: 都登録ＡＧ 登録番号
D55: 都登録ＡＧ 名称
D57: 交付決定番号
D59: 承継の理由
D61: 承継前の 助成事業者 | J61: 住所 | N61: (〒 | Q61: - | T61: )
J63: 名称
J65: 代表者の職 氏名
J67: 電話番号 | T67: 携帯
D69: 承継後の 助成事業者 の連絡先 | J69: 住所 | N69: (〒 | Q69: - | T69: )
J71: 名称
J73: 代表者の職 氏名
J75: 部署名
J77: 氏名
J79: 電話番号 | T79: 携帯
J81: Eメール
C83: （注） | E83: 助成事業の承継が確認できる書類を添付すること。

Sheet 8号
C1: ="第"&[5]様式一覧!A11&"号様式（第"&[5]様式一覧!D11&"条関係）" -> 第8号様式（第18条関係）
X3: 年 | Z3: 月 | AB3: 日
C4: 公益財団法人
C5: 東京都環境公社 理事長 殿
Q7: （助成事業者）
Q8: 住所
Q10: 名称
Q12: 代表者の 職・氏名
Q15: （共同申請者）
Q16: 住所
Q18: 名称
Q20: 代表者の 職・氏名
Q23: （共同申請者）
Q24: 住所
Q26: 名称
Q28: 代表者の 職・氏名
... Q36: 代表者の 職・氏名
C40: =[5]事業名など!B2 -> 需給最適化に向けたエネルギーマネジメント推進事業
C44: 助成事業計画変更申請書
E47: 年 | G47: 月 | I47: 日付 | L47: 都環公地温第 | R47: 号をもって交付決定した事業について、需給最
C48: 適化に向けたエネルギーマネジメント推進事業助成金交付要綱（令和７年４月23日付７都環公地温第733号）第18条第１項の規定に基づき、助成事業計画変更を申請します。
D52: 交付決定番号
D54: 変更の内容
D59: 変更の理由
D64: 変更による影響

Sheet 8号内訳書 
A1: ="第"&[5]様式一覧!A11&"号様式 別紙（第"&[5]様式一覧!D11&"条関係）" -> 第8号様式 別紙（第18条関係）
A3: 助成事業経費変更内訳書（税抜）
A6: 区分 | K6: ="変更後の"&'[5]１号'!D101 -> 変更後の総事業費 | W6: 助成対象 経費(a) （円） | AA6: 交付 申請額(b) （円）
B9: 1 エネルギーマネジメントの推進
B10: ①システム経費等 | K10: ='８号内訳明細（エネマネの推進）'!J30 -> 0 | AA10: =#REF! -> #REF!
B11: ②エネルギー貯留設備 | K11: ='８号内訳明細（エネマネの推進）'!J31 -> 0
A12: A 小計 | K12: =SUM(K10:U11) -> 0
B13: 2 高度なエネルギーマネジメントの促進
B14: ③システム経費等 | K14: ='８号内訳明細（高度なエネマネの促進）'!J30 -> 0
B15: ④エネルギー貯留設備 | K15: ='８号内訳明細（高度なエネマネの促進）'!J31 -> 0
A16: B 小計 | K16: =SUM(K14:U15) -> 0
B17: 3 ERAB
B18: ⑤システム構築費等 | K18: ='８号内訳明細(ERAB)'!J30 -> 0
B19: ⑥再エネ発電設備 | K19: ='８号内訳明細(ERAB)'!J31 -> 0
B20: ⑦エネルギー貯留設備 | K20: ='８号内訳明細(ERAB)'!J32 -> 0
B21: ⑧通信機器 | K21: ='８号内訳明細(ERAB)'!J33 -> 0
A22: C 小計 | K22: =SUM(K18:U21) -> 0
K25: =K6 -> 変更後の総事業費 | W25: 助成対象経費(a) （円） | AA25: 交付申請額(b) （円）
A27: 合計（A+B+C） | K27: =SUM(K12,K16,K22) -> 0 | W27: =W22 -> 0 | AA27: =AA22 -> 0
K30: 変更後の国等の助成金
B31: 合計
K32: =K31 -> 0

Sheet ８号内訳明細（エネマネの推進）
A1: 第８号様式 内訳明細
B2: 申請種別 | C2: 1 エネルギーマネジメントの推進
B3: 申請種別・設備 | C3: 項目 | D3: 名称 | E3: 仕様・品番 | F3: 数量 | G3: 単位 | H3: 単価 | I3: 金額（税抜） | J3: 備考
D30: ※行が足りない場合は追加で挿入してください。 | F30: ①システム経費等 | I30: 計 | J30: =SUMIF(B4:B29,"①システム経費等",I4:I29) -> 0
F31: ②エネルギー貯留設備 | I31: 計 | J31: =SUMIF(B4:B29,"②エネルギー貯留設備",I4:I29) -> 0
G46: 〇
G47: ×

Sheet ８号内訳明細（高度なエネマネの促進）
A1: 第８号様式 内訳明細
B2: 申請種別 | C2: 2 高度なエネルギーマネジメントの促進
B3: 申請種別・設備 | C3: 項目 | D3: 名称 | E3: 仕様・品番 | F3: 数量 | G3: 単位 | H3: 単価 | I3: 金額（税抜） | J3: 備考
D30: ※行が足りない場合は追加で挿入してください。 | F30: ③システム経費等 | I30: 計 | J30: =SUMIF(B4:B29,"③システム経費等",I4:I29) -> 0
F31: ④エネルギー貯留設備 | I31: 計 | J31: =SUMIF(B4:B29,"④エネルギー貯留設備",I4:I29) -> 0
G46: 〇
G47: ×

Sheet ８号内訳明細(ERAB)
A1: 第８号様式 内訳明細
B2: 申請種別 | C2: 3 ERAB
B3: 申請種別・設備 | C3: 項目 | D3: 名称 | E3: 仕様・品番 | F3: 数量 | G3: 単位 | H3: 単価 | I3: 金額（税抜） | J3: 備考 | K3: 対象〇×
D30: ※行が足りない場合は追加で挿入してください。 | F30: ⑤システム構築費等 | I30: 計 | J30: =SUMIF(B4:B29,"⑤システム構築費等",I4:I29) -> 0
F31: ⑥再エネ発電設備 | I31: 計 | J31: =SUMIF(B4:B29,"⑥再エネ発電設備",I4:I29) -> 0
F32: ⑦エネルギー貯留設備 | I32: 計 | J32: =SUMIF(B4:B29,"⑦エネルギー貯留設備",I4:I29) -> 0
F33: ='[5]１号内訳書'!B21 -> ⑧通信機器 | I33: 計 | J33: =SUMIF(B4:B29,"⑧通信機器",I4:I29) -> 0
F35: ⑥が太陽光発電設備の場合
H36: 発電出力（kWh） | J36: kWh
F37: ⑦が蓄電池の場合
H38: 定格容量（kWh） | J38: kWh
G53: 〇
G54: ×

Sheet 10号
C1: ="第"&[5]様式一覧!A13&"号様式（第"&[5]様式一覧!D13&"条関係）" -> 第10号様式（第19条関係）
X3: 年 | Z3: 月 | AB3: 日
C4: 公益財団法人
C5: 東京都環境公社 理事長 殿
Q7: （助成事業者）
Q8: 住所
Q10: 名称
Q12: 代表者の 職・氏名
Q15: （共同申請者）
Q16: 住所
Q18: 名称
Q20: 代表者の 職・氏名
Q23: （共同申請者）
Q24: 住所
Q26: 名称
Q28: 代表者の 職・氏名
... Q36: 代表者の 職・氏名
C40: =[5]事業名など!B2 -> 需給最適化に向けたエネルギーマネジメント推進事業
C44: 事業者情報変更届出書
E47: 年 | G47: 月 | I47: 日付 | L47: 都環公地温第 | R47: 号をもって交付決定した事業について、需給最
C48: 適化に向けたエネルギーマネジメント推進事業助成金交付要綱（令和７年４月23日付７都環公地温第733号）第19条の規定に基づき、事業者情報等の変更について届出ます。
D52: 交付決定番号
C55: 変更事項 （該当項目に〇） | I55: 変更前 （変更事項のみ記載） | S55: 変更後 （変更事項のみ記載）
D57: 法人名称の変更
D59: 代表者の変更
D61: 住所の変更
D63: 連絡先の変更
D65: その他

Sheet 11号
C1: ="第"&[5]様式一覧!A14&"号様式（第"&[5]様式一覧!D14&"条関係）" -> 第11号様式（第21条関係）
X3: 年 | Z3: 月 | AB3: 日
C4: 公益財団法人
C5: 東京都環境公社 理事長 殿
Q7: （助成事業者）
Q8: 住所
Q10: 名称
Q12: 代表者の 職・氏名
Q15: （共同申請者）
Q16: 住所
Q18: 名称
Q20: 代表者の 職・氏名
Q23: （共同申請者）
Q24: 住所
Q26: 名称
Q28: 代表者の 職・氏名
... Q36: 代表者の 職・氏名
C40: =[5]事業名など!B2 -> 需給最適化に向けたエネルギーマネジメント推進事業
C44: 事業遅延等報告書
E47: 年 | G47: 月 | I47: 日付 | L47: 都環公地温第 | R47: 号をもって交付決定した事業について、需給最
C48: 適化に向けたエネルギーマネジメント推進事業助成金交付要綱（令和７年４月23日付７都環公地温第733号）第21条第２項の規定に基づき、助成事業の遅延等を次のとおり報告します。
D52: 交付決定番号
D54: 遅延等の内容・原因及び影響
D62: 交付申請時又は計画変更時の 助成事業完了予定年月日 | T62: 年 | X62: 月 | AB62: 日
D64: 本報告時の 助成事業完了予定年月日 | T64: 年 | X64: 月 | AB64: 日

Sheet 12号
C1: ="第"&[5]様式一覧!A15&"号様式（第"&[5]様式一覧!D15&"条関係）" -> 第12号様式（第22条関係）
X3: 年 | Z3: 月 | AB3: 日
C4: 公益財団法人
C5: 東京都環境公社 理事長 殿
Q7: （助成事業者）
Q8: 住所
Q10: 名称
Q12: 代表者の 職・氏名
Q15: （共同申請者）
Q16: 住所
Q18: 名称
Q20: 代表者の 職・氏名
Q23: （共同申請者）
Q24: 住所
Q26: 名称
Q28: 代表者の 職・氏名
... Q36: 代表者の 職・氏名
C40: =[5]事業名など!B2 -> 需給最適化に向けたエネルギーマネジメント推進事業
C44: 助成事業中止（廃止）届出書
E47: 年 | G47: 月 | I47: 日付 | L47: 都環公地温第 | R47: 号をもって交付決定した事業について、需給最
C48: 適化に向けたエネルギーマネジメント推進事業助成金交付要綱（令和７年４月23日付７都環公地温第733号）第22条第１項の規定に基づき、助成事業の中止（廃止）を申請します。
D52: 交付決定番号
D54: 廃止の理由

Sheet 15号
C1: ="第"&[4]様式一覧!A18&"号様式（第"&[4]様式一覧!D18&"条関係）" -> 第15号様式（第25条関係）
X3: 年 | Z3: 月 | AB3: 日
C4: 公益財団法人
C5: 東京都環境公社 理事長 殿
Q7: （助成事業者）
Q8: 住所
Q10: 名称
Q12: 代表者の 職・氏名
Q15: （共同申請者）
Q16: 住所
Q18: 名称
Q20: 代表者の 職・氏名
Q23: （共同申請者）
Q24: 住所
Q26: 名称
Q28: 代表者の 職・氏名
... Q36: 代表者の 職・氏名
C40: =[4]事業名など!B2 -> 需給最適化に向けたエネルギーマネジメント推進事業
C44: 助成金交付請求書
E47: 年 | G47: 月 | I47: 日付 | L47: 都環公地温第 | R47: 号をもって交付決定した事業について、需給最
C48: 適化に向けたエネルギーマネジメント推進事業助成金交付要綱（令和７年４月23日付７都環公地温第733号）第25条第1項の規定に基づき、助成金の交付を請求します。
D52: 交付決定番号
D54: 交付請求額 | AA54: 円
C58: （助成金振込先）
D59: 金融機関コード | M59: 金融機関名
D61: 支店コード | M61: 支店名
D63: 預金種別 （該当に☑） | J63: 普通 | M63: 当座 | P63: 貯蓄 | R63: 口座番号
D65: 口座名義人 （カタカナ）
C67: （注） | E67: 振込口座が確認できる資料（通帳等の写し）を添付すること。

Sheet 18号
A1: ="第"&[5]様式一覧!A21&"号様式(第"&[5]様式一覧!D21&"条関係)" -> 第18号様式(第28条関係)
V3: 年 | Y3: 月 | AB3: 日
B4: 公益財団法人 東京都環境公社
B5: 理事長 殿
M6: (助成事業者)
M7: 住所
M9: 名称
M11: 代表者の 職・氏名
M14: (共同申請者)
M15: 名称
M17: 代表者の 職・氏名
M20: (共同申請者)
M21: 名称
M23: 代表者の 職・氏名
M26: (手続代行者)
M27: 名称
M29: 代表者の 職・氏名
B32: 需給最適化に向けたエネルギーマネジメント推進事業
B34: 助成金返還報告書
E37: 年 | G37: 月 | I37: 日付 | L37: 都環公地温第 | R37: 号をもって交付決定した事業について、需
C38: 需給最適化に向けたエネルギーマネジメント推進事業助成金交付要綱（令和７年４月23日付７都環公地温第733号）第28条第３項の規定に基づき、次のとおり助成金の返還を報告します。
D43: 交付決定番号
C45: 既に交付を受けている助成金額 | Z45: 円
C47: 返還を請求された年月日及び金額
Q48: 年 | T48: 月 | W48: 日
W50: 円
C51: 返還した年月日及び金額
Q52: 年 | T52: 月 | W52: 日
O54: 金 | X54: 円
O56: 金 | X56: 円
O58: 金 | X58: 円
C60: 添付書類
C62: 未納返還金額
O63: 金 | X63: 円
O65: 金 | X65: 円
O67: 金 | X67: 円

Sheet 19号
C1: ="第"&[5]様式一覧!A22&"号様式（第"&[5]様式一覧!D22&"条関係）" -> 第19号様式（第32条関係）
X3: 年 | Z3: 月 | AB3: 日
C4: 公益財団法人
C5: 東京都環境公社 理事長 殿
Q7: （助成事業者）
Q8: 住所
Q10: 名称
Q12: 代表者の 職・氏名
Q15: （共同申請者）
Q16: 住所
Q18: 名称
Q20: 代表者の 職・氏名
Q23: （共同申請者）
Q24: 住所
Q26: 名称
Q28: 代表者の 職・氏名
... Q36: 代表者の 職・氏名
C40: =[5]事業名など!B2 -> 需給最適化に向けたエネルギーマネジメント推進事業
C44: 取得財産等処分承認申請書
E47: 年 | G47: 月 | I47: 日付 | L47: 都環公地温第 | R47: 号をもって交付決定した事業について、需給最
C48: 適化に向けたエネルギーマネジメント推進事業助成金交付要綱（令和７年４月23日付７都環公地温第733号）第32条第1項の規定に基づき、取得財産等処分の承認申請を行います。
D52: 交付決定番号
D54: 処分しようとする取得財産等
D56: 処分の理由
D58: 処分行為の 相手方連絡先 | J58: 住所 | N58: (〒 | Q58: - | T58: )
J60: 名称
J62: 代表者の職 氏名
J64: 電話番号 | T64: 携帯
J66: 使用場所
J68: 目的
D70: 処分の条件及び金額
C73: ※ 売却、譲渡、交換、貸与、担保提供の相手方のある場合は、それぞれの相手方、条件及び金額について記載すること。
